 Dungeon Crawl Stone Soup version 0.31.0-32-g396128a36d (webtiles) character file.

Game seed: 7281245259251061092

66 Karin the Firebug (level 4, -1/31 HPs)
             Began as a Human Fire Elementalist on Apr 20, 2024.
             Succumbed to a goblin's poison
             ... on level 2 of the Dungeon.
             The game lasted 00:04:23 (1545 turns).

Karin the Firebug (Human Fire Elementalist)         Turns: 1545, Time: 00:04:23

Health: -1/31      AC:  2    Str:  8    XL:     4   Next: 15%
Magic:  0/7        EV: 12    Int: 17    God:
Gold:   53         SH:  0    Dex: 14    Spells: 2/8 levels left

rFire   + . .        b - +2 spear (venom)
rCold   . . .        (no shield)
rNeg    . . .        a - +0 robe
rPois   .            (no helmet)
rElec   .            (no cloak)
rCorr   .            (no gloves)
SInv    .            (no boots)
Will    .....        (no amulet)
Stlth   ++           c - ring of protection from fire
HPRegen 0.25/turn    (no ring)
MPRegen 0.10/turn

%: no passive effects
@: lethally poisoned (-1 -> -24)
A: explore regen
a: no special abilities


You were on level 2 of the Dungeon.
You visited 1 branch of the dungeon, and saw 2 of its levels.

You collected 53 gold pieces.

Inventory:

Hand Weapons
 b - a +2 spear of venom (weapon)
Armour
 a - a +0 robe (worn)
Jewellery
 c - a ring of protection from fire (left hand)


   Skills:
 * Level 0.3 Fighting
 * Level 0.1 Polearms
 * Level 0.6 Armour
 * Level 2.4 Dodging
 * Level 2.2 Stealth
 + Level 0.1 Unarmed Combat
 * Level 2.6 Spellcasting
 * Level 1.3 Conjurations
 * Level 3.5 Fire Magic


You had 2 spell levels left.
You knew the following spells:

 Your Spells              Type           Power      Damage    Failure   Level
a - Foxfire               Conj/Fire      40%        2x1d6     7%          1
b - Scorch                Fire           28%        2d6       6%          2
c - Inner Flame           Hex/Fire       8%         N/A       26%         3

Your spell library contained the following spells:

 Spells                   Type           Power      Damage    Failure   Level
 Volatile Blastmotes      Fire/Tloc      16%        2d11      26%         3
 Flame Wave               Conj/Fire      10%        2d6       54%         4


Dungeon Overview and Level Annotations

Branches:
Dungeon (2/15)

Altars:


Innate Abilities, Weirdness & Mutations

You regain HP and MP as you explore.


Message History

You are caught in a web!
Your magical contamination has completely faded away.
Casting: Scorch (safe; 6% risk of failure)
Confirm with . or Enter, or press ? or * to list all spells.
You conjure some foxfire!
The web tears apart.
The foxfire hits the ribbon worm.
The ribbon worm is moderately wounded.
The foxfire hits the ribbon worm.
The ribbon worm is burned terribly!
The ribbon worm is heavily wounded.
A frilled lizard comes into view.
The ribbon worm closely misses you.
You completely miss the ribbon worm.
The ribbon worm is heavily wounded.
The frilled lizard hisses angrily.
The ribbon worm is no longer more vulnerable to fire.
The ribbon worm bites you.
You hit the ribbon worm.
The ribbon worm is poisoned.
The ribbon worm is heavily wounded.
The ribbon worm bites you.
The goblin hits you with a +4 dagger of venom.
You are poisoned.
The ribbon worm attacks as it pursues you!
The ribbon worm bites you.
You feel very sick. The goblin attacks as it pursues you!
The goblin hits you with a +4 dagger of venom.
You are lethally poisoned!
You aren't carrying any potions.
Unknown command.
Casting: Foxfire (safe; 7% risk of failure)
Confirm with . or Enter, or press ? or * to list all spells.
You conjure some foxfire!
* * * LOW HITPOINT WARNING * * *
You feel very sick.
The goblin hits you with a +4 dagger of venom.
* * * LOW HITPOINT WARNING * * *
You are more poisoned.
The ribbon worm barely misses you.
Your foxfire dissipates!
You die...

###.### ..# # #.....#
..# #.#.#.#.## ..#
#.#.#.#... #.#
##.#|#.#... #.#
#......#... #.#
#......#...
####v######....#.#...
#...@.gl.##....#.#...
#.....w..#######.#...
#............###.#.##
...###.............#
... ####......#####
.. ......##### .
.......# #.......#
#.......#


You could see a ribbon worm (poisoned, ally target), a goblin and a frilled
lizard.

Vanquished Creatures
  Natasha (D:2)
  2 dart slugs
  2 bats (D:1)
  6 endoplasms
  A giant cockroach (D:1)
  4 goblins (D:1)
  3 hobgoblins (D:1)
  3 jackals (D:1)
  A quokka (D:1)
  2 ball pythons (D:1)
  3 frilled lizards (D:1)
  2 kobolds (D:1)
  4 rats (D:1)
34 creatures vanquished.

Vanquished Creatures (others)
  40 foxfires
40 creatures vanquished.

Grand Total: 74 creatures vanquished

Notes
Turn   | Place    | Note
-------+----------+-------------------------------------------
     0 | D:1      | Karin the Human Fire Elementalist began the quest for the
                  | Orb.
     0 | D:1      | Reached XP level 1. HP: 13/13 MP: 3/3
   227 | D:1      | Reached XP level 2. HP: 7/19 MP: 5/5
   313 | D:1      | Learned a level 2 spell: Scorch
   700 | D:1      | Reached XP level 3. HP: 24/24 MP: 3/6
   709 | D:1      | Learned a level 3 spell: Inner Flame
  1519 | D:2      | Noticed Natasha
  1523 | D:2      | Killed Natasha
  1524 | D:2      | Reached XP level 4. HP: 22/31 MP: 4/7
  1545 | D:2      | Succumbed to a goblin's poison

Illustrated notes

Levels and vault maps discovered:
D:1:      elethiomel_arrival_shortcut, layout_loops_corners,
          minmay_misc_feat_more_columns
D:2:      minmay_spotlight, layout_basic, basic_altar, uniq_natasha

Action                     |  1- 3 |  4- 6 || total
---------------------------+-------+-------++-------
  Melee: Unarmed           |    10 |       ||    10
         Punch             |     1 |       ||     1
         Spear             |     1 |     3 ||     4
   Cast: Foxfire           |    22 |     2 ||    24
         Scorch            |    20 |     2 ||    22
    Use: Potion            |     3 |       ||     3
         Scroll            |     2 |       ||     2
 Armour: Robe              |    54 |     7 ||    61
  Dodge: Dodged            |    91 |     2 ||    93
